 Dungeon Crawl Stone Soup version 0.22.1-5-g62c59d919a (webtiles) character file.

3265 lex98 the Fighter (level 9, -7/83 HPs)
             Began as a Minotaur Berserker on Jan 9, 2019.
             Was an Elder of Trog.
             Mangled by an orc wizard
             ... wielding the +5 war axe "Ogreslayer" {drain, rC+ Str+4 Int-2}
              (10 damage)
             ... on level 8 of the Dungeon on Jan 10, 2019.
             The game lasted 01:14:12 (9147 turns).

lex98 the Fighter (Minotaur Berserker)              Turns: 9147, Time: 01:14:12

Health: -7/83      AC:  9    Str: 24    XL:     9   Next: 68%
Magic:  0/8        EV: 11    Int:  4    God:    Trog [****..]
Gold:   447        SH:  0    Dex: 11    Spells: 8/8 levels left

rFire    . . .     SeeInvis .   J - +0 battleaxe
rCold    . . .     Gourm    .   (shield currently unavailable)
rNeg     . . .     Faith    .   i - +0 ring mail
rPois    +         Spirit   +   (helmet restricted)
rElec    .         Reflect  .   F - +0 cloak
rCorr    .         Harm     .   (no gloves)
MR       +....                  e - +0 pair of boots
Stlth    +.........             q - amulet of guardian spirit
HPRegen  0.23/turn              t - ring of poison resistance
MPRegen  0.11/turn              G - ring of protection from magic

@: berserk cooldown, slowed, heavily drained, very slow
A: retaliatory headbutt, horns 2
a: Berserk, Trog's Hand, Brothers in Arms, Renounce Religion


You were on level 8 of the Dungeon.
You worshipped Trog.
Trog was greatly pleased with you.
You were not hungry.

You visited 2 branches of the dungeon, and saw 9 of its levels.

You collected 447 gold pieces.

Inventory:

Hand Weapons
 D - a +0 halberd
 J - a +0 battleaxe (weapon)
Missiles
 H - 7 tomahawks (quivered)
Armour
 e - a +0 pair of boots (worn)
 i - a +0 ring mail (worn)
 F - a +0 cloak (worn)
Jewellery
 d - an uncursed ring of flight
 h - an uncursed ring of see invisible
 q - an amulet of guardian spirit (around neck)
 t - a ring of poison resistance (left hand)
 G - a ring of protection from magic (right hand)
Wands
 b - a wand of acid (14)
 B - a wand of flame (14)
Scrolls
 a - a scroll of noise {unknown}
 l - 3 scrolls of teleportation
 m - 3 scrolls of remove curse
 p - a scroll of enchant weapon
 r - 4 scrolls of identify
 v - 2 scrolls of blinking {unknown}
 x - a scroll of fear {unknown}
 y - a scroll of enchant armour {unknown}
 z - a scroll of fog
Potions
 f - 2 potions of resistance {unknown}
 g - 2 potions of flight
 j - a potion of mutation {unknown}
 k - a potion of cancellation {unknown}
 n - 2 potions of heal wounds {unknown}
 o - a potion of ambrosia {unknown}
 s - 2 potions of curing
 u - 2 potions of brilliance {unknown}
 w - a potion of lignification {unknown}
 A - 2 potions of agility {unknown}
 E - a potion of degeneration {unknown}
Comestibles
 c - 12 rations


   Skills:
 + Level 9.1(6.8) Fighting
 + Level 8.8(7.4) Axes
 - Level 6.5(6.4) Polearms
 + Level 9.1(6.8) Armour
 - Level 3.4(1.4) Dodging
 - Level 1.5(0.0) Stealth


You had 8 spell levels left.
You didn't know any spells.
Your spell library was empty.

Dungeon Overview and Level Annotations

Branches:
Dungeon (8/15)             Temple (1/1) D:6
   Lair: D:8-11

Altars:
Ashenzari
Cheibriados
Dithmenos
Elyvilon
Fedhas
Gozag
Hepliaklqana
Kikubaaqudgha
Makhleb
Nemelex Xobeh
Okawaru
Qazlal
Ru
Sif Muna
Trog
Uskayaw
Vehumet
Wu Jian
Xom
Yredelemnul
Zin
The Shining One


Innate Abilities, Weirdness & Mutations

You reflexively headbutt those who attack you in melee.
You have a pair of horns on your head.


Message History

an enchanted dagger; a robe; 11 gold pieces You miss the orc wizard.
Your headbutt misses the orc wizard.
The orc wizard hits you with a warped war axe {drain}.
* * * LOW HITPOINT WARNING * * *
You feel drained.
* * * LOW HITPOINT WARNING * * *
The orc wizard barely misses you. You furiously retaliate!
You headbutt the orc wizard!
The orc wizard mumbles some strange words.
The orc wizard flickers and vanishes!
Deactivating autopickup; reactivate with Ctrl-A.
You hear some strange, mumbled words.
A puff of frost appears from out of thin air!
The puff of frost hits you!
You start resting.
Something hits you.
* * * LOW HITPOINT WARNING * * *
You feel drained.
* * * LOW HITPOINT WARNING * * *
Something hits you!
You die...

#.# #.# #.# #.# #.# ...
#.# #.# #.# ##.## #.#
#.# ##.#.## #.# #.# .#
##.###.## #.# #.# .#
#.##
##.###.#####.#####.# .##
##..........))..#.# #.##
##.###.....@.###.#.#####
...###.#
#.###.#####.#..>...
#.#.#..# #.# #.####...##
#.##.#.####.#
#.#....)..#
.....)†)....#
#....#....#########
.....#)######
#.....#.#..)).....#
######(#
#...<......[)..#... #.#
#.....#.######.# #.#
##...##.# .#


There were no monsters in sight!

Vanquished Creatures
  A human (D:4)
  Duvessa (D:6)
  An orc warrior (D:8)
  3 ice beasts
  A sky beast (D:7)
  A necrophage (D:5)
  2 ogres (D:6)
  4 phantoms
  A crocodile (D:8)
  3 centaurs
  Blork the orc (D:4)
  A big kobold (D:8)
  5 bullfrogs
  Dowan (D:6)
  5 wights (D:8)
  A bullfrog zombie (D:5)
  2 crimson imps
  2 quasits
  A centaur zombie (D:5)
  2 hounds
  An orc priest (D:8)
  An orc wizard (D:4)
  2 bullfrog skeletons
  A centaur skeleton (D:7)
  2 iguanas
  5 worker ants
  Natasha (thrice) (D:4)
  A hound zombie (D:8)
  A hound skeleton (D:6)
  4 gnolls (D:5)
  9 adders
  3 shadow imps
  2 oozes
  An adder zombie (D:7)
  2 worms
  2 leopard geckos
  13 orcs
  9 bats
  4 bat zombies (D:2)
  5 giant cockroaches
  5 goblins
  7 hobgoblins
  10 jackals
  4 quokkas
  2 ball pythons
  5 frilled lizards
  2 jackal skeletons
  2 jackal zombies
  15 kobolds
  2 leopard gecko zombies
  8 rats
  2 rat zombies (D:2)
174 creatures vanquished.

Vanquished Creatures (others)
  5 toadstools (D:1)
5 creatures vanquished.

Grand Total: 179 creatures vanquished

Notes
Turn   | Place    | Note
-------+----------+-------------------------------------------
     0 | D:1      | lex98 the Minotaur Berserker began the quest for the Orb.
     0 | D:1      | Reached XP level 1. HP: 19/19 MP: 0/0
   646 | D:1      | Reached XP level 2. HP: 27/27 MP: 1/1
  1493 | D:2      | Found a snail-covered altar of Cheibriados.
  1535 | D:2      | Reached XP level 3. HP: 33/33 MP: 2/2
  1646 | D:2      | Found a faded altar of an unknown god.
  1655 | D:2      | Reached ** piety under Trog
  2313 | D:2      | Found an opulent altar of Gozag.
  2626 | D:2      | Found an ancient bone altar of Kikubaaqudgha.
  2630 | D:2      | Reached XP level 4. HP: 41/41 MP: 3/3
  4622 | D:4      | Noticed Natasha
  4626 | D:4      | Killed Natasha
  4626 | D:4      | Reached skill level 5 in Axes
  4626 | D:4      | Reached skill level 1 in Stealth
  4626 | D:4      | Reached XP level 5. HP: 44/47 MP: 4/4
  4740 | D:4      | Noticed Natasha
  4746 | D:4      | Killed Natasha
  4767 | D:4      | Reached *** piety under Trog
  5031 | D:4      | Noticed Blork the orc
  5041 | D:4      | Killed Blork the orc
  5041 | D:4      | Reached XP level 6. HP: 39/55 MP: 3/5
  5071 | D:4      | Noticed Natasha
  5076 | D:4      | Killed Natasha
  5176 | D:4      | Reached skill level 5 in Fighting
  5515 | D:4      | Found a stormy altar of Qazlal.
  5517 | D:4      | Found a bloodstained altar of Trog.
  5518 | D:4      | Found a glowing golden altar of the Shining One.
  5524 | D:4      | Found a basalt altar of Yredelemnul.
  5912 | D:4      | Found a runed door.
  5912 | D:4      | Noticed a human
  5917 | D:4      | Found a basalt altar of Yredelemnul.
  5926 | D:4      | Killed a human
  5926 | D:4      | Reached skill level 5 in Armour
  5926 | D:4      | Reached XP level 7. HP: 61/61 MP: 6/6
  6088 | D:5      | Entered Level 5 of the Dungeon
  6632 | D:5      | Reached skill level 1 in Polearms
  6637 | D:5      | Reached XP level 8. HP: 50/69 MP: 5/7
  7158 | D:6      | Noticed Duvessa
  7159 | D:6      | Noticed Dowan
  7175 | D:6      | Killed Duvessa
  7196 | D:6      | Killed Dowan
  7455 | D:6      | Reached **** piety under Trog
  7483 | D:6      | Reached skill level 5 in Polearms
  8003 | D:6      | Found a staircase to the Ecumenical Temple.
  8167 | Temple   | Entered the Ecumenical Temple
  8274 | D:7      | Reached XP level 9. HP: 80/80 MP: 8/8
  9147 | D:8      | HP: 4/83 [something (1)]
  9147 | D:8      | Identified the +5 war axe "Ogreslayer" {drain, rC+ Str+4
                  | Int-2}
  9147 | D:8      | Mangled by an orc wizard

Skill      XL: |  1  2  3  4  5  6  7  8  9 |
---------------+----------------------------+-----
Fighting       | 4 5 6 7 9 |  9.1
Axes           | 4 5 6 7 8 |  8.8
Armour         | 3 4 5 6 7 9 |  9.1
Stealth        | 1 |  1.5
Dodging        | 3 |  3.4
Polearms       | 2 6 |  6.5

Action                   |  1- 3 |  4- 6 |  7- 9 || total
-------------------------+-------+-------+-------++-------
Melee: Hand axe          |    79 |    98 |    69 ||   246
       Headbutt          |    14 |    17 |    43 ||    74
       Halberd           |       |       |    86 ||    86
       Battleaxe         |       |       |    90 ||    90
Invok: Berserk           |     4 |     3 |     4 ||    11
       Trog's Hand       |       |     1 |     1 ||     2
  Use: Scroll            |       |       |     4 ||     4
       Potion            |       |       |     2 ||     2
 Stab: Distracted        |       |     1 |       ||     1
  Eat: Chunk             |     7 |    14 |     9 ||    30
       Ration            |       |       |     2 ||     2
Armor: Ring mail         |    42 |    21 |    73 ||   136
       Animal skin       |     2 |       |       ||     2
Dodge: Dodged            |    46 |    51 |   177 ||   274
